 Dungeon Crawl Stone Soup version 0.31-a0-188-g5e087ee2ca (webtiles) character file.

Game seed: 7556215612181799797

202 qw the Skirmisher (level 5, -4/29 HPs)
             Began as a Deep Elf Hunter on June 23, 2023.
             Slain by Edmund
             ... wielding a +2 flail of protection
              (13 damage)
             ... on level 3 of the Dungeon.
             The game lasted 00:01:01 (2566 turns).

qw the Skirmisher (Deep Elf Hunter)                 Turns: 2566, Time: 00:01:01

Health: -4/29      AC:  6    Str: 10    XL:     5   Next: 50%
Magic:  7/7        EV: 11    Int: 14    God:
Gold:   176        SH:  0    Dex: 18    Spells: 4/4 levels left

rFire   + . .        Y - +4 shortbow (freeze)
rCold   . . .        (shield currently unavailable)
rNeg    . . .        e - +0 ring mail
rPois   .            (no helmet)
rElec   .            (no cloak)
rCorr   .            h - +0 pair of gloves
SInv    .            (no boots)
Will    .....        (no amulet)
Stlth   +            b - ring of protection from fire
HPRegen 0.24/turn    (no ring)
MPRegen 0.10/turn

%: no passive effects
@: no status effects
A: no striking features
a: no special abilities


You were on level 3 of the Dungeon.
You visited 1 branch of the dungeon, and saw 4 of its levels.

You collected 194 gold pieces.
You spent 18 gold pieces at shops.


   Skills:
 + Level 1.5 Fighting
 - Level 9.0 Ranged Weapons
 - Level 2.4 Dodging
 - Level 1.2 Stealth


You had 4 spell levels left.
You didn't know any spells.
Your spell library was empty.

Inventory:

Hand Weapons
 Y - a +4 shortbow of freezing (weapon)
Armour
 e - a +0 ring mail (worn)
 h - a +0 pair of gloves (worn)
Jewellery
 b - a ring of protection from fire (left hand)
Scrolls
 a - a scroll of teleportation
Potions
 d - a potion of haste
 f - a potion of invisibility {unknown}
 g - a potion of heal wounds {unknown}
 i - a potion of lignification {unknown}

Dungeon Overview and Level Annotations

Branches:
Dungeon (4/15)
 Temple: D:4-7

Altars:
Cheibriados
Kikubaaqudgha
Ru
Vehumet

Shops:
D:1 :**=(   D:2 :

Annotations:
D:1 2 transporters
D:3 Edmund


Message History

Your Ranged Weapons skill increases to level 9!
You shoot an arrow. The arrow hits Edmund.
The arrow freezes Edmund.
Edmund is lightly wounded.
You shoot an arrow.
The arrow hits Edmund but does no damage.
Edmund is lightly wounded.
You shoot an arrow. The arrow hits Edmund.
The arrow freezes Edmund.
Edmund is moderately wounded.
You shoot an arrow. The arrow closely misses Edmund.
You shoot an arrow. The arrow barely misses Edmund.
Edmund hits you but does no damage.
A jelly comes into view.
You shoot an arrow. The arrow hits Edmund.
The arrow freezes Edmund.
Edmund is heavily wounded.
Edmund misses you.
You shoot an arrow.
The arrow hits Edmund but does no damage.
Edmund is heavily wounded.
Edmund barely misses you.
You shoot an arrow.
The arrow hits Edmund but does no damage.
Edmund is heavily wounded.
Edmund hits you with a +2 flail of protection.
2562 ||| STAIRDANCE Edmund barely misses you.
You climb upwards.
There is a stone staircase leading down here.
You shoot an arrow.
The arrow hits Edmund but does no damage.
Edmund is heavily wounded.
Edmund hits you with a +2 flail of protection.
You shoot an arrow.
The arrow hits Edmund but does no damage.
Edmund is heavily wounded.
Edmund barely misses you.
You shoot an arrow. The arrow hits Edmund!
The arrow freezes Edmund.
Edmund is severely wounded.
Edmund says, "Everyone always remembers my brother. 'Who's Edmund?' they ask!"
Edmund hits you with a +2 flail of protection! x2
You die...

.....######...######.#....# #.#.#
....<.....'..........#....###.#.#
###########...##..............#.#
_#### #...##.##############.#
.#._############[## #..(.......#
...##.............####.###...####
...#####.........................
.#.# #...........###...........
.#.# #........@..# #####...####
#### #........@..##### ###.....
#.# #...............#####.####
#.# #..........###........#
##.#####..........###........#
......................)......#
.........######........#####.#
.........# #........# #.#
.........# #........# #.#


You could see Edmund.

Vanquished Creatures
  An orc priest (D:3)
  Ijyb (D:4)
  2 orc wizards (D:3)
  2 adders (D:2)
  2 worms
  A dart slug (D:4)
  8 orcs (D:3)
  2 ball pythons
  8 bats
  2 endoplasms (D:2)
  3 giant cockroaches
  6 goblins
  5 hobgoblins
  A jackal (D:2)
  6 kobolds
  6 quokkas
  6 rats
62 creatures vanquished.

Notes
Turn   | Place    | Note
-------+----------+-------------------------------------------
     0 | D:1      | qw the Deep Elf Hunter began the quest for the Orb.
     0 | D:1      | Reached XP level 1. HP: 12/12 MP: 3/3
     0 | D:1      | 0 ||| qw: Version: 0.3-a-9-g12657ce
     0 | D:1      | 0 ||| qw: Game counter: 3396
     0 | D:1      | 0 ||| qw: Always use a shield: true
     0 | D:1      | 0 ||| qw: God list: Okawaru
     0 | D:1      | 0 ||| qw: Allow faded altars: false
     0 | D:1      | 0 ||| qw: Do Orc after D:15 true
     0 | D:1      | 0 ||| qw: Do second Lair branch before Depths: true
     0 | D:1      | 0 ||| qw: Lair rune preference: random
     0 | D:1      | 0 ||| qw: Plans: Normal
     0 | D:1      | 0 ||| PLANNING D:1-11
    19 | D:1      | Found Waloa's Book Emporium.
    59 | D:1      | Found Lacehieb's Assorted Antiques.
    68 | D:1      | 68 ||| SHOPLISTING 2 fizzy amethyst potions (37 gold, have
                  | 22).
    68 | D:1      | 68 ||| BUYING fizzy amethyst potion (18 gold).
    68 | D:1      | Bought a fizzy amethyst potion for 18 gold pieces
    68 | D:1      | 68 ||| SHOPLISTING murky green potion (18 gold, have 4).
    68 | D:1      | 68 ||| SHOPLISTING runed scale mail (147 gold, have 4).
    68 | D:1      | 68 ||| SHOPLISTING scroll labelled DOKLOE KURECOU (21 gold,
                  | have 4).
    68 | D:1      | 68 ||| SHOPLISTING scroll labelled RULI RUDUEDWU (21 gold,
                  | have 4).
    68 | D:1      | 68 ||| SHOPLISTING scroll labelled TIFYLLONASO (21 gold,
                  | have 4).
    68 | D:1      | 68 ||| SHOPLISTING shiny scale mail (147 gold, have 4).
   157 | D:1      | Found Toplecoh's Jewellery Shop.
   159 | D:1      | 159 ||| SHOPLISTING +4 ring of protection (504 gold, have
                  | 4).
   159 | D:1      | 159 ||| SHOPLISTING +6 ring of strength (504 gold, have 4).
   159 | D:1      | 159 ||| SHOPLISTING amulet of the acrobat (420 gold, have
                  | 4).
   159 | D:1      | 159 ||| SHOPLISTING ring of resist corrosion (280 gold,
                  | have 4).
   159 | D:1      | 159 ||| SHOPLISTING ring of see invisible (210 gold, have
                  | 4).
   204 | D:1      | Reached skill level 6 in Ranged Weapons
   204 | D:1      | Reached XP level 2. HP: 16/16 MP: 4/4
   418 | D:1      | Found Keis's General Store.
   426 | D:1      | 426 ||| SHOPLISTING +0 ring mail (48 gold, have 30).
   426 | D:1      | 426 ||| SHOPLISTING +1 pair of gloves (138 gold, have 30).
   429 | D:1      | 429 ||| FLEEEEING.
   550 | D:1      | Found a transporter.
   552 | D:1      | Found Orev's Weapon Emporium.
   588 | D:1      | Found a transporter.
   625 | D:1      | 625 ||| UPGRADING to +0 pair of gloves.
   630 | D:1      | 630 ||| READING scroll labelled TORCHA YSIEKO.
   630 | D:1      | Identified a scroll of acquirement
   630 | D:1      | 630 ||| ACQUIRING +3 shortbow of freezing
   630 | D:1      | Acquired a +3 shortbow of freezing
   632 | D:1      | 632 ||| SWAPPING to +3 shortbow of freezing.
   633 | D:1      | 633 ||| DROPPING +0 shortbow.
   634 | D:1      | 634 ||| READING 2 scrolls labelled DIUSOH HAITIDU.
   635 | D:1      | 635 ||| READING scroll labelled IMIJOSE KORI.
   636 | D:1      | 636 ||| READING scroll labelled UDYICLE FANI.
   637 | D:1      | 637 ||| DRINKING 2 murky green potions.
   638 | D:1      | 638 ||| DROPPING scroll of immolation.
   639 | D:1      | 639 ||| DROPPING scroll of butterflies.
   763 | D:2      | Found Ijeph's Book Boutique.
   832 | D:2      | Found a faded altar of an unknown god.
   900 | D:2      | Reached XP level 3. HP: 20/20 MP: 5/5
  1255 | D:2      | Reached skill level 7 in Ranged Weapons
  1342 | D:2      | 1342 ||| UPGRADING to +0 ring mail.
  1352 | D:2      | 1352 ||| DROPPING +0 leather armour.
  1353 | D:2      | 1353 ||| READING 2 scrolls labelled RULI RUDUEDWU.
  1358 | D:2      | 1358 ||| READING scroll labelled VIKHUR SEGGA.
  1470 | D:3      | Reached XP level 4. HP: 25/25 MP: 6/6
  1473 | D:3      | 1473 ||| FLEEEEING.
  1474 | D:3      | 1474 ||| FLEEEEING.
  1475 | D:3      | 1475 ||| FLEEEEING.
  1476 | D:3      | 1476 ||| FLEEEEING.
  1477 | D:3      | 1477 ||| FLEEEEING.
  1478 | D:3      | 1478 ||| FLEEEEING.
  1479 | D:3      | 1479 ||| FLEEEEING.
  1480 | D:3      | 1480 ||| FLEEEEING.
  1481 | D:3      | 1481 ||| FLEEEEING.
  1482 | D:3      | 1482 ||| FLEEEEING.
  1483 | D:3      | 1483 ||| FLEEEEING.
  1484 | D:3      | 1484 ||| FLEEEEING.
  1485 | D:3      | 1485 ||| FLEEEEING.
  1486 | D:3      | 1486 ||| FLEEEEING.
  1487 | D:3      | 1487 ||| FLEEEEING.
  1500 | D:3      | 1500 ||| FLEEEEING.
  1501 | D:3      | 1501 ||| FLEEEEING.
  1502 | D:3      | 1502 ||| FLEEEEING.
  1503 | D:3      | 1503 ||| FLEEEEING.
  1504 | D:3      | 1504 ||| FLEEEEING.
  1505 | D:3      | 1505 ||| FLEEEEING.
  1506 | D:3      | 1506 ||| FLEEEEING.
  1507 | D:3      | 1507 ||| FLEEEEING.
  1508 | D:3      | 1508 ||| FLEEEEING.
  1509 | D:3      | 1509 ||| FLEEEEING.
  1518 | D:3      | Reached skill level 8 in Ranged Weapons
  1885 | D:3      | Found a radiant altar of Vehumet.
  1891 | D:3      | Found an ancient bone altar of Kikubaaqudgha.
  1892 | D:3      | Found a sacrificial altar of Ru.
  1893 | D:3      | Found a snail-covered altar of Cheibriados.
  2037 | D:3      | Reached XP level 5. HP: 29/29 MP: 7/7
  2304 | D:3      | 2304 ||| UPGRADING to ring of protection from fire.
  2305 | D:3      | 2305 ||| READING scroll labelled DOKLOE KURECOU.
  2342 | D:4      | 2342 ||| FLEEEEING.
  2343 | D:4      | 2343 ||| FLEEEEING.
  2344 | D:4      | 2344 ||| FLEEEEING.
  2345 | D:4      | 2345 ||| FLEEEEING.
  2346 | D:4      | 2346 ||| STAIRDANCE
  2355 | D:3      | 2355 ||| READING scroll labelled KOLOIXZ FIL DEMOCU.
  2369 | D:4      | Noticed Ijyb
  2372 | D:4      | 2372 ||| FLEEEEING.
  2377 | D:4      | 2377 ||| FLEEEEING.
  2378 | D:4      | 2378 ||| FLEEEEING.
  2379 | D:4      | 2379 ||| FLEEEEING.
  2380 | D:4      | 2380 ||| STAIRDANCE
  2440 | D:4      | 2440 ||| STAIRDANCE
  2505 | D:4      | 2505 ||| STAIRDANCE
  2552 | D:4      | Noticed Edmund
  2553 | D:4      | Killed Ijyb
  2554 | D:4      | Reached skill level 9 in Ranged Weapons
  2562 | D:4      | 2562 ||| STAIRDANCE
  2566 | D:3      | Slain by Edmund

Levels and vault maps discovered:
D:1:      matt_arrival_grand_opening, layout_basic, serial_shops, shop,
          nicolae_shop_drivethru, shop, shop, nicolae_shop_gaudy_bauble,
          minivault_14
D:2:      layout_basic, shapermc_ecumenical_altar_pompeii, serial_shops, shop,
          kennysheep_potato
D:3:      layout_basic, minitemple
D:4:      layout_cave_pools, grunt_temple_overflow_open, grunt_ministairs_13,
          minmay_diced_spiral, uniq_robin, uniq_edmund, uniq_ijyb

Skill      XL: |  1  2  3  4  5 |
---------------+----------------+-----
Ranged Weapons | 6 7 8 9 |  9.0
Fighting       | |  1.5
Dodging        | |  2.4
Stealth        | |  1.2

Action                     |  1- 3 |  4- 6 || total
---------------------------+-------+-------++-------
   Fire: Shortbow          |    86 |    80 ||   166
    Use: Scroll            |     6 |     2 ||     8
         Potion            |     1 |       ||     1
 Armour: Leather armour    |     9 |       ||     9
         Ring mail         |     1 |    18 ||    19
  Dodge: Dodged            |    27 |    12 ||    39

Table legend:
 A = Non-vault XP
 B = Vault XP
 C = Vault XP percentage of total XP
 D = Non-vault monster count
 E = Vault monster count
 F = Vault count percentage of total count
                 A         B        C        D         E       F
            +---------+---------+-------+---------+---------+-------
      Total |     250 |      39 |  13.5 |      59 |       3 |   4.8
            +---------+---------+-------+---------+---------+-------
        D:1 |      28 |       0 |   0.0 |      17 |       0 |   0.0
        D:2 |      53 |       3 |   5.4 |      16 |       2 |  11.1
        D:3 |     164 |       0 |   0.0 |      24 |       0 |   0.0
        D:4 |       5 |      36 |  87.8 |       2 |       1 |  33.3
            +---------+---------+-------+---------+---------+-------
